 Dungeon Crawl Stone Soup version 0.18-a0-949-g5bbc315 (webtiles) character file.

8196 Arkorax the Martial Artist (level 10, -5/91 HPs)
             Began as a Demigod Monk on Dec 30, 2015.
             Killed from afar by a gargoyle (8 damage)
             ... with a stone arrow
             ... in a labyrinth.
             The game lasted 00:22:50 (13646 turns).

Arkorax the Martial Artist (Demigod Monk)          Turns: 13646, Time: 00:22:51

Health: -5/91      AC: 16    Str: 21    XL:     10   Next: 79%
Magic:  20/20      EV: 12    Int: 14    God:
Gold:   520        SH:  0    Dex: 22    Spells: 0 memorised, 17 levels left

rFire  . . .     SeeInvis +       - Unarmed
rCold  . . .     Gourm    .     n - +4 chain mail
rNeg   . . .     Faith    .     (no shield)
rPois  .         Spirit   .     b - +1 helmet {SInv}
rElec  .         Dismiss  .     k - +0 cloak
rCorr  .         Reflect  .     (no gloves)
SustAt +         Harm     .     (no boots)
MR     +....                    (no amulet)
Stlth  ..........               (no ring)
                                h - ring of see invisible

@: mighty, very slightly contaminated, somewhat resistant to hostile
enchantments, extremely unstealthy
A: high mp 1, sustain attributes
a: no special abilities


You were in a labyrinth.
You were not hungry.

You visited 1 branch of the dungeon, and saw 11 of its levels.
You also visited: Labyrinth.

You collected 520 gold pieces.

Inventory:

Armour
 b - a +1 helmet of see invisible (worn)
 k - a +0 cloak (worn)
 n - a +4 chain mail (worn)
 v - the +1 robe "Verghaod" {rElec Int+7 Dex-3}
   (You found it on level 5 of the Dungeon)

   It affects your intelligence (+7).
   It affects your dexterity (-3).
   It insulates you from electricity.
Magical Staves
 H - an uncursed staff of power
Jewellery
 h - a ring of see invisible (left hand)
Wands
 m - a wand of magic darts (1/48)
 r - a wand of enslavement (9/24)
 t - a wand of paralysis (4/24)
 w - a wand of flame (13/48)
 C - a wand of flame (34/48)
Scrolls
 a - 2 scrolls of recharging {unknown}
 c - a scroll of teleportation {unknown}
 d - a scroll of remove curse {unknown}
 f - a scroll of noise {unknown}
 g - 9 scrolls of identify
 j - a scroll of random uselessness
 q - 2 scrolls of enchant weapon
 s - a scroll of fog
Potions
 p - a potion of degeneration
 u - 2 potions of poison
 A - a potion of brilliance
Comestibles
 x - 6 fruits
 z - a bread ration
 B - 4 royal jellies
 E - a beef jerky
 F - 2 meat rations


   Skills:
 - Level 9.4 Fighting
 - Level 4.1 Armour
 * Level 5.9 Dodging
 - Level 1.7 Stealth
 + Level 10.4 Unarmed Combat
 * Level 4.4 Spellcasting


You had 17 spell levels left.
You didn't know any spells.

Dungeon Overview and Level Annotations

Branches:
Dungeon (11/15)            Temple (0/1) D:6            Lair (0/8) D:8
    Orc (0/2) D:11

Shops:
D:5 %   D:8 :   D:11 [


Innate Abilities, Weirdness & Mutations

You have an increased reservoir of magic (+10% MP).
Your attributes are resistant to harm.


Message History

You hit the gargoyle but do no damage.
The gargoyle hurls a stone arrow at you.
The stone arrow hits you!
* * * LOW HITPOINT WARNING * * *
You are too injured to fight recklessly!
Unknown command.
Read which item? (? for menu, Esc to quit)
Blink to where?
Press: ? - help, Dir - move target cursor You are very lightly contaminated with residual magic.
As you read the scroll labeled RIHATT DOIDAFA, it crumbles to dust.
It was a scroll of blinking.
The gargoyle hurls a stone arrow at you.
The stone arrow misses you.
The gargoyle hurls a stone arrow at you.
The stone arrow hits you!
* * * LOW HITPOINT WARNING * * *
The gargoyle hurls a stone arrow at you.
The stone arrow hits you!
You die...

... .# #.## ..# #...
# . # #.. # .# #..
## # #.# . #.# # #
.. #######@# #.#
...# ........#...#
.##.##########...#
...# ..............#
. .
.#.#.###.#.###9#.#.#
.#...#
#.....#.........# #
.#. ####.## .#####.
. #9.#.#..## #
#.#)#.#.#.


You could see a gargoyle.

Vanquished Creatures
  The ghost of Oddball22 the Reactionary, a novice DsAr of Pakellas (D:8)
  An ugly thing (D:10)
  2 gargoyles (Lab)
  A komodo dragon (D:10)
  Prince Ribbit (D:9)
  A troll (D:11)
  A trapdoor spider (Lab)
  Eustachio (D:5)
  2 hungry ghosts (Lab)
  Menkaure (D:5)
  A soldier ant (D:9)
  4 sky beasts
  An ice beast (D:7)
  3 orc warriors (D:10)
  6 phantoms
  A wasp (D:9)
  2 black bears
  7 ogres
  The ghost of Poody the Shooter, an amateur CeHu (D:3)
  A centaur (D:7)
  3 giant frogs
  9 killer bees
  A wyvern skeleton (D:6)
  3 scorpions
  5 wights (D:7)
  4 crimson imps
  5 hounds
  10 orc priests
  3 jellies
  Crazy Yiuf (D:7)
  A centaur zombie (D:6)
  A quasit (D:10)
  9 orc wizards
  2 centaur skeletons
  3 giant frog skeletons
  9 worker ants
  2 iguanas
  A hound skeleton (D:10)
  A hound zombie (D:7)
  Robin (D:1)
  A gnoll (D:10)
  A worker ant zombie (D:9)
  9 adders
  5 shadow imps
  2 oozes
  An adder zombie (D:6)
  2 worms
  An adder skeleton (D:7)
  5 giant geckos
  42 orcs
  13 bats
  10 hobgoblins
  12 jackals
  5 quokkas
  A giant cockroach (D:2)
  A giant gecko skeleton (D:4)
  5 giant newts
  16 goblins
  8 kobolds
  9 rats
  A spectral orc (D:4)
263 creatures vanquished.

Vanquished Creatures (others)
  The ghost of Herrn the Destroyer, a journeyman NaCj of Okawaru (D:10)
  2 fulminant prisms (D:10)
3 creatures vanquished.

Grand Total: 266 creatures vanquished

Notes
Turn   | Place    | Note
--------------------------------------------------------------
     0 | D:1      | Arkorax the Demigod Monk began the quest for the Orb.
     0 | D:1      | Reached XP level 1. HP: 18/18 MP: 3/3
   413 | D:1      | Reached XP level 2. HP: 20/26 MP: 4/4
   944 | D:1      | Reached skill level 4 in Unarmed Combat
  1163 | D:2      | Noticed Robin
  1177 | D:1      | Reached XP level 3. HP: 28/31 MP: 5/5
  1270 | D:1      | Killed Robin
  1488 | D:2      | Found an opulent altar of Gozag.
  2084 | D:2      | Reached XP level 4. HP: 40/40 MP: 6/6
  2530 | D:3      | Found a stormy altar of Qazlal.
  2601 | D:3      | Noticed Poody's ghost (amateur CeHu)
  2633 | D:3      | Killed Poody's ghost
  2633 | D:3      | Reached skill level 5 in Unarmed Combat
  2633 | D:3      | Reached XP level 5. HP: 35/46 MP: 7/7
  3848 | D:4      | Reached XP level 6. HP: 55/55 MP: 8/8
  3870 | D:4      | Reached skill level 5 in Fighting
  3899 | D:4      | Found an ancient bone altar of Kikubaaqudgha.
  4011 | D:4      | Found a basalt altar of Yredelemnul.
  4499 | D:4      | Reached skill level 6 in Unarmed Combat
  4865 | D:4      | Reached XP level 7. HP: 42/62 MP: 9/9
  4976 | D:5      | Entered Level 5 of the Dungeon
  4980 | D:5      | Got an ichor-stained robe
  4991 | D:5      | Identified the +1 robe "Verghaod" {rElec Int+7 Dex-3} (You found it on level 5 of the Dungeon)
  5233 | D:5      | Noticed Menkaure
  5247 | D:5      | Killed Menkaure
  5558 | D:5      | Reached skill level 7 in Unarmed Combat
  5757 | D:5      | Found Ungek's Food Boutique.
  5758 | D:5      | Found a snail-covered altar of Cheibriados.
  5948 | D:5      | Found a sparkling altar of Nemelex Xobeh.
  5953 | D:5      | Noticed Eustachio
  6077 | D:5      | Killed Eustachio
  6077 | D:5      | Reached XP level 8. HP: 23/73 MP: 10/10
  6468 | D:5      | Found a burning altar of Makhleb.
  6559 | D:6      | Found a bloodstained altar of Trog.
  6574 | D:5      | Reached skill level 8 in Unarmed Combat
  7757 | D:6      | Found a staircase to the Ecumenical Temple.
  7761 | D:6      | Found a shattered altar of Ashenzari.
  7945 | D:7      | Noticed Crazy Yiuf
  7967 | D:7      | Killed Crazy Yiuf
  8139 | D:7      | Found an iron altar of Okawaru.
  8167 | D:7      | Reached skill level 1 in Armour
  8167 | D:7      | Reached XP level 9. HP: 68/82 MP: 11/11
  8202 | D:7      | Reached skill level 9 in Unarmed Combat
  9107 | D:8      | Found a shattered altar of Ashenzari.
  9137 | D:8      | Found a shimmering altar of Xom.
  9144 | D:8      | Found a white marble altar of Elyvilon.
  9144 | D:8      | Found a blossoming altar of Fedhas.
  9192 | D:8      | Noticed Oddball22's ghost (novice DsAr)
  9239 | D:8      | Killed Oddball22's ghost
  9372 | D:8      | Found Toguck Tuku's Book Shoppe.
  9407 | D:8      | Found a staircase to the Lair.
  9568 | D:8      | Found a glowing silver altar of Zin.
  9826 | D:9      | Noticed Prince Ribbit
  9850 | D:9      | Killed Prince Ribbit
 10192 | D:9      | Reached skill level 1 in Spellcasting
 10394 | D:9      | Reached XP level 10. HP: 85/91 MP: 13/15
 10477 | D:9      | Reached skill level 10 in Unarmed Combat
 11038 | D:10     | Entered Level 10 of the Dungeon
 11727 | D:10     | Noticed Herrn's ghost (journeyman NaCj)
 11934 | D:10     | Killed Herrn's ghost
 12407 | D:11     | Found Dolex's Armour Emporium.
 12407 | D:11     | Noticed a green ugly thing
 12435 | D:10     | Killed a green ugly thing
 12435 | D:10     | Reached skill level 5 in Dodging
 12656 | D:11     | Found a labyrinth entrance.
 12665 | Lab      | Entered a labyrinth
 13637 | Lab      | HP: 1/91 [gargoyle/stone arrow (16)]
 13646 | Lab      | Killed from afar by a gargoyle

Vault maps used:
D:1:      dpeg_arrival_subterranean_lakeside_camping, hex_intersection
D:2:      lemuel_crystal_altar, hangedman_abyss_or_decor_lesser_grid, uniq_robin
D:3:      marbit_many_paths
D:4:      yredelemnul_forgotten_temple_becter, kiku_gazebo_pond_becter
D:5:      makhleb_heckhound_becter, cheibriados_altar_1, nemelex_deck,
          serial_shops, nicolae_shop_crystal, first_bread, uniq_menkaure,
          uniq_eustachio
D:6:      trog_ov_bears_minmay, minmay_temple_entry_poolview, basic_altar,
          kennysheep_generic_room_12
D:7:      okawaru_trees_2, uniq_crazy_yiuf_cottage
D:8:      nicolae_overflow_hidden_temple, grunt_temple_overflow_open,
          dpeg_oklobed_lair, basic_altar, serial_shops, shop
D:9:      minmay_strange_pillars, hangedman_pestilent_swarm, uniq_prince_ribbit1
D:10:     grunt_tough_drop
D:11:     orc_0_dummy, basic_altar, lab_entry_generic, serial_shops,
          nicolae_shop_trees, fedhas_altar_decomposition
Lab:      labyrinth_spiral, nicolae_lab_grate_2, labyrinth_skeletal_remains,
          nicolae_lab_do_over, nicolae_lab_t_cross, lab_hedge,
          nicolae_lab_big_swirl, nicolae_lab_flowing_pool, nicolae_lab_dead_end,
          lab_fountain, nicolae_lab_very_dead_end, labyrinth_lava_lair,
          nicolae_lab_x, nicolae_lab_swirl, nicolae_lab_starburst

Action                   |  1- 3 |  4- 6 |  7- 9 | 10-12 || total
-------------------------+-------+-------+-------+-------++-------
Melee: Unarmed           |   169 |   285 |   616 |   335 ||  1405
Evoke: Wand              |       |    10 |    10 |       ||    20
  Use: Potion            |       |     2 |     4 |     3 ||     9
       Scroll            |       |       |       |     9 ||     9
 Stab: Sleeping          |     6 |     5 |       |       ||    11
       Invisible         |       |     4 |     5 |       ||     9
  Eat: Bread ration      |     1 |     2 |     1 |     1 ||     5
       Chunk             |       |     2 |     4 |     1 ||     7
       Meat ration       |       |       |     1 |       ||     1
       Fruit             |       |       |     1 |       ||     1
       Beef jerky        |       |       |     1 |       ||     1
       Royal jelly       |       |       |       |     7 ||     7
